 Dungeon Crawl Stone Soup version 0.29.1-13-g9f3cf754e1 (webtiles) character file.

Game seed: 15435875815812006759

11914 cdecastro the Severer (level 11, -10/104 HPs)
             Began as a Hill Orc Fighter on Feb 7, 2023.
             Was an Elder of Wu Jian.
             Mangled by a titanic slime creature (43 damage)
             ... on level 12 of the Dungeon on Feb 8, 2023.
             The game lasted 00:22:09 (13670 turns).

cdecastro the Severer (Hill Orc Fighter)           Turns: 13670, Time: 00:22:10

Health: -10/104    AC: 23    Str: 24    XL:     11   Next: 85%
Magic:  11/11      EV:  7    Int: 12    God:    Wu Jian [****..]
Gold:   452        SH:  5    Dex: 15    Spells: 10/10 levels left

rFire   . . .      SeeInvis .   Q - +10 flail "Teidur" {freeze, rCorr Int+6 Dex-5}
rCold   . . .      Faith    .   (no shield)
rNeg    + + .      Spirit   .   A - +0 plate armour
rPois   .          Reflect  +   y - +0 helmet "Wacak" {rN+ Int-2 Dex+4 Slay+3}
rElec   .          Harm     .   V - +0 cloak
rCorr   +          Rampage  .   N - +2 pair of gloves
Will    .....                   e - +0 pair of boots
Stlth   ..........              G - amulet of reflection
HPRegen 0.27/turn               k - +6 ring of dexterity
MPRegen 0.12/turn               K - ring of positive energy

@: no status effects
A: no striking features
a: Renounce Religion, Wall Jump, Serpent's Lash


You were on level 12 of the Dungeon.
You worshipped Wu Jian.
Wu Jian was greatly pleased with you.
You visited 2 branches of the dungeon, and saw 13 of its levels.

You collected 832 gold pieces.
You spent 380 gold pieces at shops.

Inventory:

Hand Weapons
 a - a +0 war axe
 b - a +0 hand axe of venom
 B - a +0 arbalest
 Q - the +10 flail "Teidur" (weapon) {freeze, rCorr Int+6 Dex-5}
   (You found it on level 8 of the Dungeon)

   It freezes those it strikes, dealing additional cold damage.
   It can also slow down cold-blooded creatures.
   Int:       It affects your intelligence (+6).
   Dex:       It affects your dexterity (-5).
   rCorr:     It protects you from acid and corrosion.
 Z - a +5 dire flail of freezing
Missiles
 r - 4 boomerangs (quivered)
 v - 8 poisoned darts
Armour
 c - a +0 buckler
 e - a +0 pair of boots (worn)
 y - the +0 helmet "Wacak" (worn) {rN+ Int-2 Dex+4 Slay+3}
   (You bought it in a shop on level 5 of the Dungeon)

   Int:       It affects your intelligence (-2).
   Dex:       It affects your dexterity (+4).
   Slay:      It affects your accuracy & damage with ranged weapons and melee
   (+3).
   rN:        It protects you from negative energy.
 A - a +0 plate armour (worn)
 N - a +2 pair of gloves (worn)
 O - the +7 chain mail of Depression {Rampage rPois Will-}
   (You bought it in a shop on level 5 of the Dungeon)

   rPois:     It protects you from poison.
   Rampage:   It bestows one free step when moving towards enemies.
   Will:      It decreases your willpower.
 T - a +0 scale mail of poison resistance
 V - a +0 cloak (worn)
Magical Staves
 s - a staff of air
 w - a staff of cold
 P - a staff of earth
Jewellery
 k - a +6 ring of dexterity (left hand)
 D - a ring of flight
 G - an amulet of reflection (around neck)
 K - a ring of positive energy (right hand)
 S - a ring of fire
Wands
 F - a wand of flame (22)
 R - a wand of light (11)
 W - a wand of digging (4)
Scrolls
 f - 2 scrolls of fear {unknown}
 i - 3 scrolls of teleportation {unknown}
 l - 2 scrolls of amnesia {unknown}
 m - 3 scrolls of poison {unknown}
 n - 2 scrolls of torment {unknown}
 p - 15 scrolls of identify {unknown}
 q - 5 scrolls of immolation {unknown}
 t - 2 scrolls of noise {unknown}
 x - a scroll of magic mapping {unknown}
 E - a scroll of silence {unknown}
 J - a scroll of brand weapon {unknown}
 L - 2 scrolls of butterflies {unknown}
 M - a scroll of summoning {unknown}
 U - 4 scrolls of vulnerability {unknown}
 X - a scroll of blinking {unknown}
 Y - a scroll of enchant armour {unknown}
Potions
 g - 9 potions of curing {unknown}
 h - 2 potions of degeneration {unknown}
 j - a potion of attraction {unknown}
 o - a potion of heal wounds {unknown}
 u - a potion of lignification {unknown}
 z - a potion of haste {unknown}
 C - a potion of mutation {unknown}
 H - 2 potions of cancellation {unknown}
 I - a potion of invisibility {unknown}


   Skills:
 - Level 12.0 Fighting
 - Level 16.0 Axes
 + Level 11.5 Armour
 - Level 3.2 Shields


You had 10 spell levels left.
You didn't know any spells.
Your spell library contained the following spells:

 Spells                   Type           Power      Damage    Failure   Level
 Foxfire                  Conj/Fire      0%         2x1d4     97%         1
 Shock                    Conj/Air       0%         1d3       97%         1
 Sting                    Tmut/Pois      0%         1d3       97%         1
 Poisonous Vapours        Pois/Air       0%         N/A       99%         2
 Conjure Flame            Conj/Fire      0%         6-21      100%        3
 Inner Flame              Hex/Fire       0%         N/A       100%        3
 Swiftness                Air            0%         N/A       100%        3
 Airstrike                Air            0%         2d(0-16)  100%        4
 Corpse Rot               Necr/Pois/Air  0%         N/A       100%        4
 Dispel Undead            Necr           0%         3d6       100%        4
 Flame Wave               Conj/Fire      0%         2d4       100%        4
 Olgreb's Toxic Radiance  Pois           0%         N/A       100%        4
 Death Channel            Necr           0%         N/A       100%        6


Dungeon Overview and Level Annotations

Branches:
Dungeon (12/15)            Temple (1/1) D:6            Lair (0/5) D:11
    Orc: D:9-12

Altars:
Ashenzari
Cheibriados
Dithmenos
Elyvilon
Fedhas
Gozag
Hepliaklqana
Kikubaaqudgha
Makhleb
Nemelex Xobeh
Okawaru
Qazlal
Ru
Sif Muna
Trog
Uskayaw
Vehumet
Wu Jian
Xom
Yredelemnul
Zin
The Shining One

Shops:
D:4 :   D:5 [((([   D:6 :

Annotations:
D:8 3 runed translucent doors, Maurice; tizbic2's ghost, novice OgTm
D:11 Erica


Message History

The slime creature is moderately wounded.
The slime creature barely misses you.
A very large slime creature splits.
The slime creature quivers.
You sock the slime creature! You freeze the slime creature.
The slime creature is moderately wounded.
The slime creature closely misses you.
A large slime creature splits.
You thump the slime creature! You freeze the slime creature!
The slime creature is severely wounded.
The slime creature completely misses you.
Two slime creatures merge to form a large slime creature.
Okay, then.
You sock the large slime creature! You freeze the large slime creature.
The large slime creature is heavily wounded.
You bludgeon the large slime creature!! You freeze the large slime creature!
The large slime creature is severely wounded.
You sock the large slime creature! You freeze the large slime creature.
The large slime creature is severely wounded.
Two slime creatures merge to form a very large slime creature.
You bludgeon the very large slime creature!!
You freeze the very large slime creature.
The very large slime creature is severely wounded.
Two slime creatures merge to form an enormous slime creature.
You sock the enormous slime creature! You freeze the enormous slime creature.
The enormous slime creature is heavily wounded.
The enormous slime creature hits you.
Two slime creatures merge to form a titanic slime creature.
You barely miss the titanic slime creature.
The titanic slime creature is heavily wounded.
You sock the titanic slime creature! You freeze the titanic slime creature.
The titanic slime creature is heavily wounded.
You barely miss the titanic slime creature.
The titanic slime creature is heavily wounded.
The titanic slime creature hits you!!!
Ouch! That really hurt!
* * * LOW HITPOINT WARNING * * *
You hear a shout! x2
You sock the titanic slime creature! You freeze the titanic slime creature.
The titanic slime creature is heavily wounded.
The titanic slime creature hits you!!!
You die...

.#.## .....
...... ......###
........###
#...<..## .
#..##.....##....
####J5.......
#.@Jh#..#....
#.#####.....J
... .h.... .....
#.... ..##...
.... . #..# ...
... .. ##.#


You could see a titanic slime creature, a slime creature, a polar bear and a
white imp.

Vanquished Creatures
  A boulder beetle (D:11)
  A centaur warrior (D:8)
  Pikel (D:6)
  A cyclops (D:11)
  An unseen horror zombie (D:8)
  5 trolls
  Prince Ribbit (D:6)
  4 shadows
  2 water elementals (D:11)
  A wraith (D:11)
  20 yaks
  Eustachio (D:5)
  2 wyverns
  An acid dragon (D:11)
  A water moccasin (D:9)
  3 orc warriors
  A sky beast (D:7)
  3 black bears
  4 lemures
  2 centaurs (D:9)
  2 phantoms
  4 bullfrogs
  A wyvern zombie (D:8)
  4 scorpions
  14 wights
  4 killer bees (D:10)
  4 electric eels (D:11)
  3 jellies
  7 orc priests
  2 gnoll boudas
  5 iguanas
  17 orc wizards
  15 gnolls
  5 adders
  A shadow imp (D:8)
  A white imp (D:7)
  3 ufetubi (D:4)
  2 worms
  2 dart slugs (D:3)
  43 orcs
  3 ball pythons
  5 endoplasms
  2 giant cockroaches (D:1)
  4 goblins
  6 hobgoblins
  3 jackals (D:1)
  A quokka (D:1)
  3 bats
  13 frilled lizards
  4 kobolds
  5 rats
244 creatures vanquished.

Vanquished Creatures (others)
  An orc wizard (D:5)
  3 fungi (D:7)
  6 plants (D:1)
  4 toadstools (D:7)
14 creatures vanquished.

Grand Total: 258 creatures vanquished

Notes
Turn   | Place    | Note
-------+----------+-------------------------------------------
     0 | D:1      | cdecastro the Hill Orc Fighter began the quest for the Orb.
     0 | D:1      | Reached XP level 1. HP: 19/19 MP: 1/1
   103 | D:1      | Reached skill level 3 in Axes
   207 | D:1      | Reached XP level 2. HP: 12/26 MP: 2/2
   520 | D:1      | Reached skill level 4 in Axes
   698 | D:1      | Reached XP level 3. HP: 27/31 MP: 3/3
  1168 | D:2      | Reached skill level 5 in Axes
  2125 | D:3      | Reached XP level 4. HP: 39/39 MP: 4/4
  2255 | D:3      | Reached skill level 6 in Axes
  2484 | D:3      | Reached XP level 5. HP: 35/45 MP: 5/5
  2821 | D:3      | Found an ornate altar of the Wu Jian Council.
  2844 | D:3      | Became a worshipper of the Wu Jian Council
  2866 | D:3      | Reached skill level 7 in Axes
  2979 | D:3      | Noticed a black bear
  3202 | D:4      | Found Luraevek's Book Shop.
  3315 | D:4      | Noticed a black bear
  3390 | D:5      | Entered Level 5 of the Dungeon
  3403 | D:5      | Reached skill level 8 in Axes
  3403 | D:5      | Reached XP level 6. HP: 38/51 MP: 6/6
  3483 | D:5      | Found a burning altar of Makhleb.
  3583 | D:5      | Found Adyjepus's Weapon Shoppe.
  3619 | D:5      | Found Anul Penoff's Antique Weapon Shop.
  3629 | D:5      | Found Zuhiots's Armour Shoppe.
  3695 | D:5      | Reached skill level 9 in Axes
  3774 | D:5      | Reached XP level 7. HP: 42/57 MP: 7/7
  3954 | D:5      | Reached skill level 10 in Axes
  3959 | D:5      | Reached * piety under Wu Jian
  4139 | D:5      | Found Cuimuh's Antique Armour Shoppe.
  4149 | D:5      | Bought a fine helmet for 190 gold pieces
  4149 | D:5      | Identified the +0 helmet "Wacak" {rN+ Int-2 Dex+4 Slay+3}
                  | (You bought it in a shop on level 5 of the Dungeon)
  4201 | D:5      | Found Nuboim's Antique Weapon Shop.
  4784 | D:6      | Reached skill level 11 in Axes
  4916 | D:6      | Noticed Eustachio
  5276 | D:5      | Killed Eustachio
  5277 | D:5      | Reached skill level 12 in Axes
  5277 | D:5      | Reached XP level 8. HP: 58/64 MP: 8/8
  5516 | D:6      | Reached skill level 5 in Fighting
  5622 | D:6      | Noticed Pikel
  5681 | D:6      | Killed Pikel
  5821 | D:6      | Found a staircase to the Ecumenical Temple.
  5849 | Temple   | Entered the Ecumenical Temple
  6097 | D:6      | Reached XP level 9. HP: 74/82 MP: 9/9
  6590 | D:4      | Found a sacrificial altar of Ru.
  6739 | D:4      | Reached ** piety under Wu Jian
  7090 | D:4      | Found a hide-covered altar of Uskayaw.
  7100 | D:4      | Found a sparkling altar of Nemelex Xobeh.
  7111 | D:4      | Found a stormy altar of Qazlal.
  7115 | D:4      | Found a glowing silver altar of Zin.
  7116 | D:4      | Found a white marble altar of Elyvilon.
  7190 | D:4      | Found an iron altar of Okawaru.
  7282 | D:4      | Identified the +3 leather armour of Fresh Birdsong {Fly
                  | Dex+6 Stlth-}
  7522 | D:6      | Reached skill level 10 in Fighting
  7760 | D:6      | Found Fufiem's Self-Improvement Boutique.
  8183 | D:6      | Noticed Prince Ribbit
  8195 | D:6      | Killed Prince Ribbit
  8196 | D:6      | Reached skill level 13 in Axes
  8662 | D:7      | Found an opulent altar of Gozag.
  8741 | D:5      | Bought a faintly humming chain mail for 190 gold pieces
  8741 | D:5      | Identified the +7 chain mail of Depression {Rampage rPois
                  | Will-} (You bought it in a shop on level 5 of the Dungeon)
  8796 | D:7      | Reached skill level 14 in Axes
  9215 | D:8      | Noticed a centaur warrior
  9269 | D:8      | Killed a centaur warrior
  9270 | D:8      | Reached XP level 10. HP: 35/93 MP: 10/10
  9636 | D:8      | Identified the +10 flail "Teidur" {freeze, rCorr Int+6
                  | Dex-5}
  9852 | D:8      | You fall into a shaft and drop 2 floors!
  9852 | D:10     | Entered Level 10 of the Dungeon
 10084 | D:8      | Noticed Maurice
 10165 | D:8      | Found a runed translucent gate.
 10165 | D:8      | Found a runed translucent gate.
 10165 | D:8      | Found a runed translucent gate.
 10165 | D:8      | Noticed tizbic2's ghost (novice OgTm)
 10167 | D:8      | Found a basalt altar of Yredelemnul.
 11122 | D:10     | Reached skill level 10 in Armour
 11178 | D:10     | Reached *** piety under Wu Jian
 11183 | D:10     | Reached skill level 15 in Axes
 11186 | D:10     | Reached XP level 11. HP: 65/99 MP: 11/11
 11614 | D:10     | Reached skill level 16 in Axes
 11996 | D:11     | Found a staircase to the Lair.
 12825 | D:11     | Noticed a cyclops
 12835 | D:11     | Killed a cyclops
 13232 | D:11     | Reached **** piety under Wu Jian
 13508 | D:11     | Noticed a boulder beetle
 13516 | D:11     | Killed a boulder beetle
 13580 | D:11     | Noticed Erica
 13670 | D:12     | Mangled by a titanic slime creature

Illustrated notes

Levels and vault maps discovered:
D:1:      minmay_arrival_checkered_box, layout_loops_ring, minmay_lizard_king
D:2:      layout_loops_corners, serial_park_tiny_pond
D:3:      layout_loops_ring, lemuel_tele_altar, grunt_decor_junction,
          minivault_23
D:4:      layout_basic, nicolae_ru_sacrificial_ziggurat, minitemple,
          nicolae_overflow_crystal_walls, serial_shops,
          nicolae_shop_hallway_stairs
D:5:      nicolae_cairo_tiling, layout_basic,
          mainiacjoe_overflow_six_doors_small, serial_shops, shop, shop_statue,
          nicolae_lakefront_shop, shop_coins, nicolae_shop_bloodbath_and_beyond,
          minmay_a_box_with_orc_wizards_in_it
D:6:      layout_gridville, minmay_temple_entry_grid, nicolae_shop_self_help,
          uniq_prince_ribbit1, uniq_eustachio, uniq_pikel
D:7:      layout_cave_pools, nicolae_overflow_hidden_temple,
          minmay_misc_feat_rugged, nicolae_concentric_dashed_squares_mild,
          minmay_gold_behind_fungi
D:8:      layout_basic, nicolae_yredelemnul_ghost_church, uniq_maurice
D:9:      layout_basic
D:10:     lemuel_ice_spiral_2, layout_basic
D:11:     layout_basic, uniq_erica
D:12:     layout_rooms, erik_orc_1, portal_ice_cave_entry_pillars_1, serial_ice,
          serial_ice_k, serial_ice_e, serial_ice_n, serial_ice_a,
          trog_hazing_becter
Temple:   minmay_temple_curvy_loop

Skill      XL: |  1  2  3  4  5  6  7  8  9 10 11 |
---------------+----------------------------------+-----
Axes           | 3 4 5 6 8 9 12 14 15 16 | 16.0
Fighting       | 8 10 12 | 12.0
Armour         | 6 10 11 | 11.5
Shields        | |  3.2

Action                   |  1- 3 |  4- 6 |  7- 9 | 10-12 || total
-------------------------+-------+-------+-------+-------++-------
Melee: War axe           |   103 |     8 |       |    16 ||   127
       Hand axe          |       |   121 |   304 |    14 ||   439
       Punch             |       |       |     7 |     3 ||    10
       Flail             |       |       |       |   291 ||   291
Invok: Lunge             |       |     5 |    20 |    19 ||    44
       Whirlwind         |       |       |     3 |     5 ||     8
Evoke: Wand              |       |       |       |     1 ||     1
  Use: Potion            |       |       |       |     2 ||     2
Armor: Scale mail        |    48 |    48 |    94 |    23 ||   213
       Plate armour      |       |       |       |   136 ||   136
Dodge: Dodged            |    56 |    48 |    79 |   108 ||   291
Block: Other             |       |       |       |    14 ||    14
